 Dungeon Crawl Stone Soup version 0.17.0-18-gaab0e96 (webtiles) character file.

4655 JudasIscariot the Fighter (level 10, -8/90 HPs)
             Began as a Ghoul Abyssal Knight on Nov 12, 2015.
             Was a High Priest of Lugonu.
             Mangled by a yak (11 damage)
             ... on level 9 of the Dungeon.
             The game lasted 00:37:23 (8355 turns).

JudasIscariot the Fighter (Ghoul Abyssal Knight)    Turns: 8355, Time: 00:37:24

Health: -8/90      AC: 15    Str: 17    XL:     10   Next: 43%
Magic:  13/13      EV:  7    Int:  7    God:    Lugonu [*****.]
Gold:   488        SH:  0    Dex: 10    Spells: 0 memorised, 9 levels left

rFire  . . .     SeeInvis .     A - +0 whip (distort)
rCold  + + .     Clarity  .     M - +0 chain mail
rNeg   + + +     SustAt   .     (no shield)
rPois  ∞         Gourm    .     o - +0 helmet
rElec  .         Spirit   .     J - +0 cloak "Ugefithru" {+Inv rCorr Str-3 Dex+2}
rCorr  +         Warding  .     (no gloves)
rMut   .         Stasis   .     z - +0 pair of boots
MR     +....                    (no amulet)
Stlth  ..........               K - ring of protection from cold
                                n - ring of protection from magic

@: rotting, studying Short Blades, somewhat resistant to hostile enchantments,
extremely unstealthy
A: rotting body, claws 1, carnivore 3, cold resistance 1, negative energy
resistance 3, slow regeneration 1, torment resistance, unbreathing
a: Depart the Abyss, Bend Space, Banish, Corrupt, Enter the Abyss, Renounce
Religion, Evoke Invisibility


You were on level 9 of the Dungeon.
You worshipped Lugonu.
Lugonu was extremely pleased with you.
You were not hungry.

You visited 1 branch of the dungeon, and saw 9 of its levels.
You visited the Abyss 1 time.

You collected 488 gold pieces.

Inventory:

Hand Weapons
 a - a +1 mace
 A - a +0 whip of distortion (weapon)
Armour
 o - a +0 helmet (worn)
 z - a +0 pair of boots (worn)
 J - the +0 cloak "Ugefithru" (worn) {+Inv rCorr Str-3 Dex+2}
   (You found it on level 6 of the Dungeon)

   It affects your strength (-3).
   It affects your dexterity (+2).
   It lets you turn invisible.
   It protects you from acid and corrosion.
 M - a +0 chain mail (worn)
Jewellery
 n - a ring of protection from magic (left claw)
 r - a +2 ring of dexterity
 H - an uncursed ring of stealth
 K - a ring of protection from cold (right claw)
 N - a +4 ring of dexterity
Wands
 b - a wand of disintegration (9)
 p - a wand of cold (5)
 v - a wand of frost (37)
 C - a wand of fire (10)
 I - a wand of paralysis (12)
Scrolls
 d - 2 scrolls of magic mapping
 i - 8 scrolls of identify
 q - 4 scrolls of enchant armour
 t - 2 scrolls of remove curse
 y - 3 scrolls of immolation
 B - a scroll of teleportation {unknown}
 F - a scroll of fear {unknown}
 G - a scroll of recharging {unknown}
 L - 2 scrolls of enchant weapon {unknown}
 O - a scroll of noise {unknown}
 R - a scroll of random uselessness {unknown}
Potions
 e - 2 potions of curing
 f - 2 potions of might {unknown}
 g - 2 potions of degeneration {unknown}
 h - 3 potions of flight {unknown}
 j - 2 potions of magic {unknown}
 k - 2 potions of ambrosia {unknown}
 l - a potion of invisibility {unknown}
 s - 2 potions of heal wounds {unknown}
 u - a potion of lignification {unknown}
 w - a potion of brilliance {unknown}
 x - a potion of agility {unknown}
 P - a potion of berserk rage {unknown}
Books
 m - a manual of Short Blades
Comestibles
 c - 4 meat rations
 D - 4 beef jerkies
 S - 2 slices of pizza


   Skills:
 * Level 8.8 Fighting
 * Level 6.7 Maces & Flails
 * Level 8.6 Armour
 - Level 1.0 Dodging
 + Level 3.2 Stealth
 * Level 5.9 Invocations


You had 9 spell levels left.
You didn't know any spells.

Dungeon Overview and Level Annotations

Branches:
Dungeon (9/15)             Temple (0/1) D:7            Lair (0/8) D:9
    Orc: D:9-12

Altars:
Elyvilon
Okawaru
Xom
Yredelemnul
Zin
The Shining One

Shops:
D:5 :


Innate Abilities, Weirdness & Mutations

Your body is rotting away.
You thrive on raw meat.
You are immune to poison.
You have sharp fingernails.
You are carnivorous and can eat meat at any time.
Your flesh is cold resistant.
You are immune to negative energy.
You regenerate slowly when monsters are visible.
You are immune to unholy pain and torment.
You can survive without breathing.


Message History

You closely miss the killer bee.
The killer bee is severely wounded.
The killer bee closely misses you. The yak gores you.
* * * LOW HITPOINT WARNING * * *
You hit the killer bee but do no damage.
Space warps horribly around the killer bee!
You kill the killer bee!
Lugonu accepts your kill. The yak gores you!
* * * LOW HITPOINT WARNING * * *
You hit the yak.
Space warps horribly around the yak!
The yak is severely wounded.
You hit the yak but do no damage.
Space bends around the yak.
The yak is severely wounded.
The yak gores you!
* * * LOW HITPOINT WARNING * * *
You hit the yak.
The yak is almost dead.
The yak blinks!
The yak gores you!
You die...

#.# #.#.####.## # #.#
#.#.# ##.###
#.#######.#.######.#(
#..................)#
#.......## ########.#
#.####### #.# #.# #.#
#.######### #.#
#..Y@Y....# #.#
#.#######.# #.# #.#
#.# #<# #[# #.# #.#
#y# #.# #y# #.#


YY. #.# .#.#. .##.#.. You could see 2 yaks.

Vanquished Creatures
  Psyche (D:8)
  A yak (D:9)
  A human (D:4)
  A wyvern (D:9)
  A hippogriff (D:9)
  Edmund (D:4)
  An ice beast (D:9)
  2 porcupines (D:9)
  2 sky beasts (D:6)
  A wasp (D:9)
  3 centaurs
  2 ogres (D:8)
  A crocodile (D:9)
  2 giant frogs (D:6)
  A scorpion (D:6)
  4 killer bees (D:9)
  3 crimson imps
  11 orc wizards
  2 giant frog skeletons
  5 orc priests
  A hound (D:5)
  2 iguanas
  A hell rat (D:9)
  3 worker ants
  A river rat (D:9)
  11 adders
  2 gnolls (D:6)
  A shadow imp (D:9)
  An ooze (D:3)
  A worm (D:2)
  An adder skeleton (D:7)
  2 giant geckos
  26 orcs
  7 bats
  9 giant cockroaches
  6 goblins
  11 hobgoblins
  5 quokkas
  2 giant gecko skeletons (D:8)
  4 giant newts
  9 jackals (D:4)
  13 kobolds
  10 rats
175 creatures vanquished.

Vanquished Creatures (others)
  The ghost of zkyp the Cutter, a novice FoFE (D:5)
  3 yaks (D:9)
  A steam dragon (D:9)
  A sky beast (D:5)
  An ogre (D:9)
  An ice beast (D:8)
  A centaur (D:6)
  A big kobold (D:8)
  A giant frog (D:8)
  A wyvern skeleton (D:6)
  A killer bee (D:9)
  A crimson imp (D:7)
  2 hounds
  A jelly (D:9)
  An iguana (D:4)
  2 orc wizards (D:6)
  A worker ant (D:5)
  5 sheep (D:7)
  A gnoll (D:6)
  An adder (D:4)
  2 orcs
  A giant cockroach (D:4)
31 creatures vanquished.

Grand Total: 206 creatures vanquished

Notes
Turn   | Place    | Note
--------------------------------------------------------------
     0 | Abyss:1  | JudasIscariot the Ghoul Abyssal Knight began the quest for the Orb.
     0 | Abyss:1  | Reached XP level 1. HP: 19/19 MP: 1/1
    49 | D:1      | Escaped the Abyss
   269 | D:1      | Reached XP level 2. HP: 23/26 MP: 2/2
   675 | D:1      | Reached ** piety under Lugonu
   946 | D:2      | Reached skill level 4 in Fighting
   946 | D:2      | Reached XP level 3. HP: 22/33 MP: 3/3
  1169 | D:2      | Reached skill level 1 in Dodging
  1359 | D:2      | Found a glowing golden altar of the Shining One.
  1361 | D:2      | Found a glowing silver altar of Zin.
  1362 | D:2      | Found a white marble altar of Elyvilon.
  1520 | D:2      | Reached XP level 4. HP: 32/40 MP: 4/4
  2058 | D:3      | Reached *** piety under Lugonu
  2058 | D:3      | Reached XP level 5. HP: 31/46 MP: 6/6
  2929 | D:4      | Found a runed door.
  2929 | D:4      | Noticed a human
  2933 | D:4      | Found a basalt altar of Yredelemnul.
  2954 | D:4      | Killed a human
  2954 | D:4      | Reached XP level 6. HP: 15/53 MP: 7/7
  3228 | D:4      | Noticed Edmund
  3539 | D:4      | Reached **** piety under Lugonu
  3566 | D:4      | Reached skill level 5 in Fighting
  3566 | D:4      | Reached XP level 7. HP: 54/61 MP: 8/8
  3795 | D:4      | Killed Edmund
  3854 | D:5      | Entered Level 5 of the Dungeon
  4001 | D:5      | Reached skill level 5 in Armour
  4052 | D:5      | Found Vimniann's Book Boutique.
  4095 | D:5      | Reached skill level 1 in Stealth
  4095 | D:5      | Reached XP level 8. HP: 67/70 MP: 10/10
  4127 | D:5      | Noticed zkyp's ghost (novice FoFE)
  4136 | D:5      | Banished zkyp's ghost
  4136 | D:5      | Reached skill level 6 in Fighting
  4656 | D:5      | Found a basalt altar of Yredelemnul.
  5127 | D:6      | Found an iron altar of Okawaru.
  5354 | D:6      | Reached skill level 7 in Fighting
  5354 | D:6      | Reached XP level 9. HP: 76/79 MP: 11/11
  5405 | D:6      | Got a pitted cloak
  5416 | D:6      | Identified the +0 cloak "Ugefithru" {+Inv rCorr Str-3 Dex+2} (You found it on level 6 of the Dungeon)
  5554 | D:6      | Reached skill level 5 in Maces & Flails
  5970 | D:7      | Reached ***** piety under Lugonu
  5981 | D:7      | Reached skill level 5 in Invocations
  6197 | D:7      | Found a staircase to the Ecumenical Temple.
  6576 | D:7      | Found a shimmering altar of Xom.
  7717 | D:8      | Noticed Psyche
  7725 | D:8      | Killed Psyche
  7725 | D:8      | Reached skill level 8 in Fighting
  7958 | D:9      | Reached XP level 10. HP: 82/88 MP: 13/13
  8023 | D:9      | Found a staircase to the Lair.
  8354 | D:9      | HP: 3/90 [yak (9)]
  8355 | D:9      | Mangled by a yak

Action                   |  1- 3 |  4- 6 |  7- 9 | 10-12 || total
-------------------------+-------+-------+-------+-------++-------
Melee: Mace              |   120 |    88 |       |       ||   208
       Flail             |       |    50 |       |       ||    50
       Whip              |       |   100 |   391 |   118 ||   609
Invok: Banish            |       |       |     1 |       ||     1
  Use: Scroll            |       |     5 |     2 |       ||     7
       Potion            |       |       |     1 |       ||     1
 Stab: Distracted        |       |       |     1 |       ||     1
       Sleeping          |       |       |     1 |       ||     1
  Eat: Chunk             |    20 |    28 |    58 |    10 ||   116
